 Dungeon Crawl Stone Soup version 0.21.1-1-g345015f (webtiles) character file.

146 stormannn the Skirmisher (level 5, -1/48 HPs)
             Began as a Minotaur Fighter on Feb 24, 2018.
             Slain by Sigmund
             ... wielding a +0 scythe
              (12 damage)
             ... on level 3 of the Dungeon.
             The game lasted 00:03:51 (1692 turns).

stormannn the Skirmisher (Minotaur Fighter)         Turns: 1692, Time: 00:03:51

Health: -1/48      AC:  4    Str: 21    XL:     5   Next: 7%
Magic:  4/4        EV:  7    Int:  5    God:
Gold:   108        SH:  0    Dex: 10    Spells: 4/4 levels left

rFire    . . .     SeeInvis .   a - +0 war axe
rCold    . . .     Gourm    .   c - +0 shield
rNeg     . . .     Faith    +   b - +0 scale mail
rPois    .         Spirit   .   (helmet restricted)
rElec    .         Reflect  .   (no cloak)
rCorr    .         Harm     .   (no gloves)
MR       .....                  (no boots)
Stlth    ..........             e - amulet of faith
HPRegen  0.16/turn              (no ring)
MPRegen  0.09/turn              (no ring)

@: confused
A: retaliatory headbutt, horns 2, deformed body, sense surroundings 1
a: no special abilities


You were on level 3 of the Dungeon.
You were hungry.

You visited 1 branch of the dungeon, and saw 3 of its levels.

You collected 108 gold pieces.

Inventory:

Hand Weapons
 a - a +0 war axe (weapon)
Armour
 b - a +0 scale mail (worn)
 c - a +0 shield (worn)
Jewellery
 e - an amulet of faith (around neck)
 j - a cursed ring of teleportation {unknown}
Scrolls
 k - 3 scrolls of blinking {unknown}
 l - 3 scrolls of identify {unknown}
 n - a scroll of teleportation {unknown}
Potions
 d - a potion of might
 i - a potion of degeneration {unknown}
 m - a potion of curing {unknown}
Comestibles
 f - 4 rations


   Skills:
 * Level 5.0 Fighting
 + Level 3.3 Axes
 * Level 4.9 Armour
 + Level 4.4 Shields


You had 4 spell levels left.
You didn't know any spells.

Dungeon Overview and Level Annotations

Branches:
Dungeon (3/15)

Altars:
Nemelex Xobeh

Annotations:
D:3 Sigmund


Innate Abilities, Weirdness & Mutations

You reflexively headbutt those who attack you in melee.
You have a pair of horns on your head.
Armour fits poorly on your strangely shaped body.
You passively map a small area around you.


Message History

Something hits you.
* * * LOW HITPOINT WARNING * * *
There isn't anything here!
You barely miss something. Something hits you but does no damage.
There isn't anything here!
You closely miss something.
You hear some strange, mumbled words.
Something tries to affect you, but you resist.
There isn't anything here!
Your shield and scale mail prevent you from hitting something.
Something hits you but does no damage.
There isn't anything here!
You barely miss something.
You hear some strange, mumbled words.
You are confused.
It was a potion of mutation.
You feel extremely strange.
Your body twists and deforms.
You feel a strange attunement to the structure of the dungeons.
Something hits you!
You die...

* * , , #. * ..#
, * #.#####.### ,
, * ##......... ,
+ ,
..........#######
................#
*
................#
#...............#
#......@........#
##...##.{.......#
, , #. ,
#.%%....... ,,,
#...#...#..
#...*#...#...#, ,
#...##...##..#
#...##.......#**
* #......###.#
#.##...# ..


There were no monsters in sight!

Vanquished Creatures
  Terence (D:2)
  Natasha (D:2)
  Robin (D:2)
  A gnoll (D:1)
  A worm (D:2)
  5 dart slugs
  2 ball pythons (D:1)
  A giant cockroach (D:3)
  10 goblins (D:2)
  10 hobgoblins
  7 jackals
  2 quokkas (D:2)
  6 bats
  3 frilled lizards (D:1)
  5 kobolds
  A leopard gecko zombie (D:3)
  6 rats
63 creatures vanquished.

Notes
Turn   | Place    | Note
-------+----------+-------------------------------------------
     0 | D:1      | stormannn the Minotaur Fighter began the quest for the Orb.
     0 | D:1      | Reached XP level 1. HP: 19/19 MP: 0/0
    81 | D:1      | Reached XP level 2. HP: 22/27 MP: 1/1
   233 | D:1      | Reached skill level 4 in Fighting
   353 | D:1      | Reached XP level 3. HP: 21/33 MP: 2/2
   988 | D:2      | Noticed Natasha
   993 | D:2      | Killed Natasha
   993 | D:2      | Reached XP level 4. HP: 32/41 MP: 3/3
  1033 | D:2      | Found a sparkling altar of Nemelex Xobeh.
  1055 | D:2      | Noticed Robin
  1068 | D:2      | Killed Robin
  1394 | D:2      | Noticed Terence
  1400 | D:2      | Killed Terence
  1400 | D:2      | Reached skill level 5 in Fighting
  1400 | D:2      | Reached XP level 5. HP: 36/48 MP: 4/4
  1662 | D:3      | Noticed Sigmund
  1692 | D:3      | Gained mutation: Armour fits poorly on your strangely shaped body. [potion of mutation]
  1692 | D:3      | Gained mutation: You passively map a small area around you. [potion of mutation]
  1692 | D:3      | Slain by Sigmund

Skill      XL: |  1  2  3  4 |
---------------+-------------+-----
Armour         | 4 |  4.9
Fighting       | 4 5 |  5.0
Shields        | 4 |  4.4
Axes           | 3 |  3.3

Action                   |  1- 3 |  4- 6 || total
-------------------------+-------+-------++-------
Melee: War axe           |    75 |    45 ||   120
       Headbutt          |    10 |    10 ||    20
  Use: Potion            |       |     1 ||     1
  Eat: Chunk             |       |     2 ||     2
Armor: Scale mail        |    29 |    33 ||    62
Dodge: Dodged            |    24 |    15 ||    39
Block: Shield            |    34 |    18 ||    52
